 Dungeon Crawl Stone Soup version 0.20-a0-210-gd6c29eb (webtiles) character file.

41 wazuzu the Cudgeler (level 3, -3/29 HPs)
             Began as a Demonspawn Monk on Nov 26, 2016.
             Killed by nerve-wracking pain
             ... invoked by a shadow imp
             ... summoned by Natasha
              (4 damage)
             ... on level 2 of the Dungeon.
             The game lasted 00:03:56 (1874 turns).

wazuzu the Cudgeler (Demonspawn Monk)               Turns: 1874, Time: 00:03:57

Health: -3/29      AC: 10    Str: 11 (12) XL:     3   Next: 32%
Magic:  3/3        EV:  2    Int: 10 (11) God:
Gold:   52         SH:  0    Dex: 14 (15) Spells: 2/2 levels left

rFire  . . .     SeeInvis .     a - +0 mace
rCold  . . .     Gourm    .     i - +0 plate armour (curse)
rNeg   . . .     Faith    .     (no shield)
rPois  .         Spirit   .     g - +0 hat
rElec  .         Reflect  .     (no cloak)
rCorr  .         Harm     .     (no gloves)
MR     .....                    (no boots)
Stlth  ..........               (no amulet)
                                (no ring)
                                m - ring of loudness (curse)

@: no status effects
A: rot immunity
a: no special abilities


You were on level 2 of the Dungeon.
You were not hungry.

You visited 1 branch of the dungeon, and saw 2 of its levels.

You collected 52 gold pieces.

Inventory:

Hand Weapons
 a - a +0 mace (weapon)
Armour
 g - a +0 hat (worn)
 i - a cursed +0 plate armour (worn)
Jewellery
 m - a cursed ring of loudness (left hand)
Wands
 d - a wand of lightning (3/15)
Scrolls
 b - a scroll of recharging {unknown}
 e - a scroll of identify
Potions
 h - a potion of might
 k - a potion of brilliance
Comestibles
 c - a bread ration
 j - 4 chunks of flesh
 l - a slice of pizza


   Skills:
 - Level 3.0 Fighting
 + Level 4.0 Maces & Flails
 - Level 2.6 Dodging
 - Level 1.7 Stealth


You had 2 spell levels left.
You didn't know any spells.

Dungeon Overview and Level Annotations

Branches:
Dungeon (2/15)

Altars:

Annotations:
D:2 Natasha


Innate Abilities, Weirdness & Mutations

You are immune to rotting.


Message History

You hit Natasha but do no damage. The adder bites you.
* * * LOW HITPOINT WARNING * * *
The adder bites you but does no damage.
Natasha casts a spell.
It was a potion of degeneration.
There was something very wrong with that liquid.
You feel weakened.
You feel dopey.
You feel clumsy. The adder bites you but does no damage.
The crimson imp blinks!
Natasha claws you but does no damage.
You closely miss Natasha. The adder bites you.
* * * LOW HITPOINT WARNING * * *
Natasha stares at you and mumbles some strange words.
The magic dart hits you! The adder bites you but does no damage.
The shadow imp hits you but does no damage.
You barely miss Natasha. The adder bites you but does no damage.
The crimson imp hits you but does no damage.
Natasha barely misses you. The shadow imp gestures at you.
Pain shoots through your body!
You die...

#...#######.#
#####...........#
#.........)......##
#..#####..######.#
#..# ###.
#..##.....
##.........
##..5##.####
#..5@.# # ##.Sh##
##.## .. ##. #+


You could see Natasha, a crimson imp, an adder and a shadow imp.

Vanquished Creatures
  An adder (D:2)
  A dart slug (D:1)
  2 leopard geckos
  2 giant cockroaches (D:1)
  2 goblins (D:1)
  5 hobgoblins
  A ball python (D:1)
  6 bats
  A frilled lizard (D:1)
  2 kobolds (D:1)
  5 rats (D:1)
28 creatures vanquished.

Notes
Turn   | Place    | Note
-------+----------+-------------------------------------------
     0 | D:1      | wazuzu the Demonspawn Monk began the quest for the Orb.
     0 | D:1      | Reached XP level 1. HP: 18/18 MP: 1/1
   155 | D:1      | Reached skill level 3 in Maces & Flails
   332 | D:1      | Gained mutation: You are immune to rotting. [demonic ancestry]
   332 | D:1      | Reached XP level 2. HP: 19/24 MP: 2/2
  1478 | D:2      | Reached XP level 3. HP: 15/29 MP: 3/3
  1791 | D:2      | Reached skill level 4 in Maces & Flails
  1849 | D:2      | Noticed Natasha
  1873 | D:2      | HP: 1/29 [adder (2)]
  1874 | D:2      | Killed from afar by a shadow imp

Vault maps used:
D:1:      dpeg_arrival_castle, minmay_shallow_snake_nest
D:2:      uniq_natasha

Skill      XL: |  1  2  3 |
---------------+----------+-----
Maces & Flails | 3 4 |  4.0
Fighting       | |  3.0
Dodging        | |  2.6
Stealth        | |  1.7

Action                   || total
-------------------------++-------
Melee: Mace              ||   127
  Use: Scroll            ||     7
       Potion            ||     1
 Stab: Sleeping          ||     2
  Eat: Chunk             ||     3
Armor: Robe              ||    15
       Plate armour      ||    64
Dodge: Dodged            ||    66
